 Dungeon Crawl Stone Soup version 0.31-a0-164-g2312942fda (webtiles) character file.

Game seed: 12578514729351441282

188656 qw the Marksnaga (level 18, -1/181 HPs)
             Began as a Naga Hunter on June 13, 2023.
             Was an Elder of Okawaru.
             Slain by the 27-headed Lernaean hydra (6 damage)
             ... on level 4 of the Swamp.
             The game lasted 00:15:04 (30269 turns).

qw the Marksnaga (Naga Hunter)                     Turns: 30269, Time: 00:15:04

Health: -1/181     AC: 29    Str: 29    XL:     18   Next: 55%
Magic:  24/25      EV: 26    Int: 10    God:    Okawaru [****..]
Gold:   2682       SH:  5    Dex: 30    Spells: 17/17 levels left

rFire   + + .        Y - +3 longbow (flame)
rCold   . . .        (shield currently unavailable)
rNeg    + . .        t - +0 troll leather armour
rPois   +            n - +1 helmet
rElec   .            g - +0 cloak
rCorr   .            k - +2 pair of gloves of Gozag's Reproof {Contam Str+8 Int+2}
SInv    +            e - +1 barding {rF+}
Will    ++...        h - amulet of reflection
Stlth   ++++++       v - ring "Riocaka" {rF+ rN+ AC+4 Dex+3 Stlth+}
HPRegen 1.30/turn    s - ring "Waecaecs" {Str+7 Int-3 Dex+6 Stlth+}
MPRegen 0.19/turn

%: reflection
@: lethally poisoned (-1 -> -2), about to teleport, heroic, very slow
A: AC +6, large, see invisible, deformed body, poison resistance, slowness 2,
spit poison 1, naga tail 2
a: Spit Poison, Renounce Religion, Heroism, Finesse


You were on level 4 of the Swamp.
You worshipped Okawaru.
Okawaru was greatly pleased with you.
You visited 6 branches of the dungeon, and saw 30 of its levels.

You collected 3520 gold pieces.
You spent 838 gold pieces at shops.


Innate Abilities, Weirdness & Mutations

Your serpentine skin is tough. (AC +6)
You have supernaturally acute eyesight. (SInv)
Armour fits poorly on your strangely shaped body.
Your system is resistant to poisons. (rPois)
You cover ground very slowly.
You can spit poison.
You can use your snake-like lower body to constrict enemies.


   Skills:
 - Level 16.0(21.0) Fighting
 - Level 20.0(25.0) Ranged Weapons
 - Level 9.0(14.0) Armour
 + Level 12.6(17.6) Dodging
 - Level 1.5(6.5) Stealth
 - Level 10.0 Invocations


You had 17 spell levels left.
You didn't know any spells.
Your spell library was empty.

Inventory:

Hand Weapons
 Y - a +3 longbow of flaming (weapon)
Armour
 c - a +1 robe of fire resistance
 e - a +1 barding of fire resistance (worn)
 g - a +0 cloak (worn)
 k - the +2 pair of gloves of Gozag's Reproof (worn) {Contam Str+8 Int+2}
   (You bought it in a shop on level 15 of the Dungeon)

   Str:       It affects your strength (+8).
   Int:       It affects your intelligence (+2).
   Contam:    It causes magical contamination when unequipped.
 n - a +1 helmet (worn)
 t - a +0 troll leather armour (worn)
Jewellery
 h - an amulet of reflection (around neck)
 s - the ring "Waecaecs" (right hand) {Str+7 Int-3 Dex+6 Stlth+}
   (You found it on level 2 of the Dungeon)

   [ring of dexterity]

   Str:       It affects your strength (+7).
   Int:       It affects your intelligence (-3).
   Dex:       It affects your dexterity (+6).
   Stlth:     It makes you more stealthy.
 v - the ring "Riocaka" (left hand) {rF+ rN+ AC+4 Dex+3 Stlth+}
   (You found it on level 15 of the Dungeon)

   [ring of protection]

   AC:        It affects your AC (+4).
   Dex:       It affects your dexterity (+3).
   rF:        It protects you from fire.
   rN:        It protects you from negative energy.
   Stlth:     It makes you more stealthy.
Scrolls
 b - 11 scrolls of identify
 l - 4 scrolls of teleportation
Potions
 a - 3 potions of mutation
 d - 9 potions of curing
 f - 6 potions of might
 j - a potion of resistance
 r - 2 potions of haste

Dungeon Overview and Level Annotations

Branches:
Dungeon (15/15)            Temple (1/1) D:4            Lair (5/5) D:10
  Swamp (4/4) Lair:3        Snake (3/4) Lair:2        Slime (0/5) Lair:5
    Orc (2/2) D:12            Elf (0/3) Orc:2        Vaults (0/5) D:13
 Depths (0/4) D:15

Altars:
Ashenzari
Cheibriados
Dithmenos
Elyvilon
Fedhas
Gozag
Hepliaklqana
Kikubaaqudgha
Makhleb
Nemelex Xobeh
Okawaru
Qazlal
Ru
Sif Muna
Trog
Uskayaw
Vehumet
Wu Jian
Xom
Yredelemnul
Zin
The Shining One
Jiyva

Shops:
D:9 *   D:11 (   D:15 [   Orc:2 [::((   Snake:1 :==

Annotations:
D:3 1 runed translucent door, Crazy Yiuf
D:14 2 runed translucent doors
Lair:1 3 runed translucent doors, qw's ghost, journeyman NaHu
Lair:5 3 runed translucent doors
Swamp:2 3 runed translucent doors, Foxy's ghost, adept GrFi
Swamp:4 Lernaean hydra


Message History

The 27-headed Lernaean hydra bites you but does no damage.
You block the 27-headed Lernaean hydra's attack.
The 27-headed Lernaean hydra bites you but does no damage.
The 27-headed Lernaean hydra closely misses you.
The 27-headed Lernaean hydra misses you.
The 27-headed Lernaean hydra bites you but does no damage. x2
You block the 27-headed Lernaean hydra's attack.
The 27-headed Lernaean hydra bites you but does no damage.
The 27-headed Lernaean hydra closely misses you.
The 27-headed Lernaean hydra bites you but does no damage.
The 27-headed Lernaean hydra barely misses you. x2
The 27-headed Lernaean hydra bites you but does no damage.
The 27-headed Lernaean hydra bites you!
The 27-headed Lernaean hydra bites you but does no damage. x2
The 27-headed Lernaean hydra barely misses you. x2
The 27-headed Lernaean hydra bites you but does no damage. x2
The 27-headed Lernaean hydra bites you.
You block the 27-headed Lernaean hydra's attack.
The 27-headed Lernaean hydra bites you but does no damage.
The 27-headed Lernaean hydra completely misses you.
The 27-headed Lernaean hydra barely misses you.
The 27-headed Lernaean hydra bites you but does no damage.
The swamp dragon bites you. The swamp dragon closely misses you.
The swamp dragon completely misses you. The swamp drake bites you.
You shoot an arrow.
The arrow hits the swamp dragon but does no damage.
The swamp dragon is almost dead.
You feel sick. The swamp drake misses you.
The 27-headed Lernaean hydra closely misses you.
The 27-headed Lernaean hydra bites you but does no damage. x3
The 27-headed Lernaean hydra closely misses you.
The 27-headed Lernaean hydra misses you. x2
The 27-headed Lernaean hydra bites you. The 27-headed Lernaean hydra bites you!
The 27-headed Lernaean hydra misses you.
The 27-headed Lernaean hydra bites you but does no damage.
The 27-headed Lernaean hydra barely misses you.
The 27-headed Lernaean hydra completely misses you. x2
The 27-headed Lernaean hydra barely misses you.
The 27-headed Lernaean hydra bites you.
You die...

7.#...#~.77~777~~~77
7~#.~###~7777 77#77
.###.##### 7~ #~..#
77##~.~## #~..~~# ~#
#~#~~~#~#.~
#~#~~D~~~~~.
#~~#@D#~¤~¤~
##~kkDD......
##.D#D~~~#~~
~~.~~~D~# ~
#~.~.~~#~.~
~.~.~#~~~~.
##~~.~~~~k~~ ##~.~~
~.~


You could see the 27-headed Lernaean hydra, a seven-headed hydra, a six-headed
hydra, 2 four-headed hydras, 2 swamp dragons and 3 swamp drakes.

Vanquished Creatures
  Vashnia (Snake:3)
  Rupert (Snake:1)
  Frances (Snake:2)
  Donald (Snake:2)
  A fenstrider witch (Swamp:1)
  A thorn hunter (Swamp:2)
  Roxanne (Snake:3)
  Aizul (Snake:2)
  An orc warlord (Orc:1)
  3 eleionomae
  2 ettins
  4 bunyips
  Josephine (Lair:2)
  Snorg (D:10)
  2 ice dragons (D:15)
  A salamander tyrant (Snake:2)
  Harold (D:9)
  4 centaur warriors
  3 ghost crabs
  6 anacondas
  15 hydras
  3 boulder beetles
  4 alligators
  3 ogre magi
  14 two-headed ogres
  A spriggan berserker (Swamp:2)
  3 tengu warriors
  17 naga sharpshooters
  Urug (D:10)
  8 naga warriors
  6 shock serpents
  Nergalle (D:11)
  18 spriggans
  A deep elf knight (Swamp:2)
  A fire crab (Lair:3)
  2 deep trolls (Orc:2)
  2 skysharks
  A sea snake (Snake:2)
  5 goliath frogs
  11 spriggan druids
  A salamander mystic (Snake:3)
  2 naga ritualists
  A death drake (Swamp:2)
  6 swamp dragons
  5 bog bodies
  A wizard (D:14)
  2 orc knights
  9 slime creatures
  Pikel (D:5)
  A lindwurm (Lair:5)
  A necromancer (Swamp:1)
  A deep elf pyromancer (D:12)
  7 mana vipers
  13 cyclopes
  5 will-o-the-wisps
  An orc sorcerer (Orc:2)
  6 ugly things
  2 manticores (D:15)
  7 salamanders
  A wolf spider (D:14)
  25 elephants
  3 guardian serpents (Snake:3)
  5 centaur zombies (D:10)
  26 black mambas
  A torpor snail (Lair:5)
  An unseen horror zombie (D:10)
  13 cane toads
  2 molten gargoyles (Lair:5)
  14 naga magi
  Maggie (Lair:2)
  3 unseen horrors
  3 tengu conjurers (D:13)
  3 kobold demonologists
  4 rime drakes
  6 komodo dragons
  An unseen horror (shapeshifter) (D:15)
  An efreet (D:13)
  5 polar bears
  13 trolls
  A bloated husk (Swamp:4)
  A troll (shapeshifter) (D:14)
  Prince Ribbit (D:7)
  Grinder (D:4)
  A wolf spider simulacrum (D:15)
  10 tyrant leeches
  16 hornets
  30 blink frogs
  11 dream sheep
  13 wraiths
  2 shadows (D:10)
  2 wyverns (Lair:5)
  A human (shapeshifter) (D:14)
  5 vampires
  40 yaks
  10 basilisks
  4 steam dragons
  Menkaure (D:5)
  27 nagas
  7 vampire mosquitoes (Swamp:1)
  8 wargs
  An acid dragon (D:12)
  12 swamp worms
  3 hell hounds (Lair:5)
  12 water moccasins
  Duvessa (D:7)
  4 swamp drakes (Swamp:4)
  A black bear (D:5)
  23 orc warriors
  26 ogres
  16 wolves
  9 centaurs
  2 lemures (D:5)
  2 kobold brigands
  Blork the orc (D:5)
  10 bullfrogs
  A gnoll sergeant (D:8)
  6 scorpions
  22 wights
  Dowan (D:7)
  9 killer bees
  2 howler monkeys (D:9)
  2 electric eels
  4 lava snakes (Lair:5)
  3 hounds (D:5)
  A jelly (D:7)
  3 gnoll boudas
  18 orc priests
  A sleepcap (D:8)
  24 orc wizards
  Natasha (thrice) (D:2)
  3 iguanas
  2 howler monkey zombies (D:10)
  7 adders
  17 gnolls
  2 shadow imps (D:6)
  4 white imps
  3 worms
  91 orcs
  4 ball pythons
  6 bats
  7 endoplasms
  2 giant cockroaches (D:3)
  5 goblins
  15 hobgoblins
  21 kobolds
  5 quokkas
  3 training dummies (Orc:2)
  2 frilled lizards
  3 rats
974 creatures vanquished.

Vanquished Creatures (others)
  A spriggan (Swamp:1)
  A hornet (Swamp:1)
  4 foxfires (Swamp:1)
6 creatures vanquished.

Grand Total: 980 creatures vanquished

Notes
Turn   | Place    | Note
-------+----------+-------------------------------------------
     0 | D:1      | qw the Naga Hunter began the quest for the Orb.
     0 | D:1      | Reached XP level 1. HP: 19/19 MP: 1/1
     0 | D:1      | 0 ||| qw: Version: 0.2-a-29-gc1b59c4
     0 | D:1      | 0 ||| qw: Game counter: 4472
     0 | D:1      | 0 ||| qw: Always use a shield: true
     0 | D:1      | 0 ||| qw: God list: Okawaru
     0 | D:1      | 0 ||| qw: Allow faded altars: false
     0 | D:1      | 0 ||| qw: Do Orc after D:15 true
     0 | D:1      | 0 ||| qw: Do second Lair branch before Depths: true
     0 | D:1      | 0 ||| qw: Lair rune preference: random
     0 | D:1      | 0 ||| qw: Plans: Normal
     0 | D:1      | 0 ||| PLANNING D:1-11
    14 | D:1      | 14 ||| INVOKING Spit Poison.
    19 | D:1      | 19 ||| INVOKING Spit Poison.
    20 | D:1      | 20 ||| INVOKING Spit Poison.
    39 | D:1      | 39 ||| INVOKING Spit Poison.
    44 | D:1      | Reached skill level 4 in Ranged Weapons
    44 | D:1      | Reached XP level 2. HP: 26/26 MP: 2/2
    44 | D:1      | 44 ||| INVOKING Spit Poison.
   190 | D:1      | Found a faded altar of an unknown god.
   191 | D:1      | 191 ||| INVOKING Spit Poison.
   226 | D:1      | 226 ||| INVOKING Spit Poison.
   288 | D:1      | 288 ||| INVOKING Spit Poison.
   297 | D:1      | 297 ||| INVOKING Spit Poison.
   311 | D:1      | 311 ||| INVOKING Spit Poison.
   328 | D:1      | 328 ||| INVOKING Spit Poison.
   340 | D:1      | 340 ||| INVOKING Spit Poison.
   450 | D:1      | 450 ||| INVOKING Spit Poison.
   456 | D:1      | Reached XP level 3. HP: 31/32 MP: 3/3
   456 | D:1      | 456 ||| INVOKING Spit Poison.
   524 | D:1      | 524 ||| INVOKING Spit Poison.
   527 | D:1      | 527 ||| INVOKING Spit Poison.
   556 | D:1      | 556 ||| INVOKING Spit Poison.
   565 | D:1      | 565 ||| INVOKING Spit Poison.
   642 | D:1      | 642 ||| INVOKING Spit Poison.
   706 | D:1      | 706 ||| READING scroll labelled WEAL YLOIBUSEI.
   707 | D:1      | 707 ||| DROPPING scroll of butterflies.
   742 | D:2      | 742 ||| INVOKING Spit Poison.
   827 | D:2      | Noticed Natasha
   829 | D:2      | 829 ||| INVOKING Spit Poison.
   831 | D:2      | Killed Natasha
   832 | D:2      | Reached skill level 5 in Ranged Weapons
   832 | D:2      | Reached XP level 4. HP: 39/39 MP: 4/4
   877 | D:2      | 877 ||| INVOKING Spit Poison.
   881 | D:2      | Noticed Natasha
   883 | D:2      | 883 ||| INVOKING Spit Poison.
   883 | D:2      | Killed Natasha
   886 | D:2      | 886 ||| INVOKING Spit Poison.
   910 | D:2      | Noticed Natasha
   912 | D:2      | 912 ||| INVOKING Spit Poison.
   917 | D:2      | 917 ||| INVOKING Spit Poison.
   917 | D:2      | Killed Natasha
   918 | D:2      | Reached skill level 3 in Fighting
   959 | D:2      | 959 ||| INVOKING Spit Poison.
   965 | D:2      | 965 ||| INVOKING Spit Poison.
   994 | D:2      | 994 ||| INVOKING Spit Poison.
  1026 | D:2      | Identified the ring "Waecaecs" {Str+7 Int-3 Dex+6 Stlth+}
  1053 | D:2      | 1053 ||| INVOKING Spit Poison.
  1057 | D:2      | Reached XP level 5. HP: 48/49 MP: 5/5
  1080 | D:2      | 1080 ||| INVOKING Spit Poison.
  1235 | D:2      | 1235 ||| UPGRADING to +0 cloak.
  1240 | D:2      | 1240 ||| UPGRADING to amulet of reflection.
  1245 | D:2      | 1245 ||| UPGRADING to ring "Waecaecs" {Str+7 Int-3 Dex+6
                  | Stlth+}.
  1246 | D:2      | 1246 ||| READING 2 scrolls labelled HEDEHI ERU.
  1250 | D:2      | 1250 ||| READING scroll labelled PAMIOX RYTH.
  1251 | D:2      | 1251 ||| DRINKING 2 cyan potions.
  1252 | D:2      | 1252 ||| DRINKING 2 silvery potions.
  1253 | D:2      | 1253 ||| DROPPING potion of enlightenment.
  1288 | D:3      | 1288 ||| INVOKING Spit Poison.
  1294 | D:3      | 1294 ||| INVOKING Spit Poison.
  1300 | D:3      | 1300 ||| INVOKING Spit Poison.
  1332 | D:3      | 1332 ||| INVOKING Spit Poison.
  1338 | D:3      | 1338 ||| INVOKING Spit Poison.
  1433 | D:3      | 1433 ||| SWAPPING to +0 orcbow.
  1434 | D:3      | 1434 ||| DROPPING +0 shortbow.
  1438 | D:3      | Found a shadowy altar of Dithmenos.
  1482 | D:3      | 1482 ||| INVOKING Spit Poison.
  1487 | D:3      | 1487 ||| INVOKING Spit Poison.
  1541 | D:3      | 1541 ||| INVOKING Spit Poison.
  1546 | D:3      | 1546 ||| INVOKING Spit Poison.
  1559 | D:3      | 1559 ||| INVOKING Spit Poison.
  1615 | D:3      | Found a blossoming altar of Fedhas.
  1766 | D:3      | Found a runed translucent door.
  1767 | D:3      | Noticed Crazy Yiuf
  1876 | D:3      | 1876 ||| UPGRADING to +0 barding.
  1881 | D:3      | 1881 ||| DROPPING +6 ring of intelligence.
  1882 | D:3      | 1882 ||| READING 4 scrolls labelled ZOMMIA JIRAK.
  1883 | D:3      | 1883 ||| READING scroll labelled JANIAD YWUGUO.
  1884 | D:3      | 1884 ||| DRINKING 2 sapphire potions.
  1885 | D:3      | 1885 ||| DROPPING 3 scrolls of fog.
  1886 | D:3      | 1886 ||| DROPPING potion of magic.
  1982 | D:4      | Noticed Grinder
  1984 | D:4      | 1984 ||| INVOKING Spit Poison.
  1985 | D:4      | Paralysed by Grinder for 3 turns
  2000 | D:4      | Killed Grinder
  2001 | D:4      | Reached skill level 3 in Armour
  2001 | D:4      | Reached XP level 6. HP: 23/56 MP: 6/6
  2021 | D:4      | 2021 ||| INVOKING Spit Poison.
  2028 | D:4      | 2028 ||| INVOKING Spit Poison.
  2135 | D:4      | 2135 ||| INVOKING Spit Poison.
  2147 | D:4      | 2147 ||| INVOKING Spit Poison.
  2152 | D:4      | 2152 ||| INVOKING Spit Poison.
  2158 | D:4      | Found a staircase to the Ecumenical Temple.
  2159 | D:4      | 2159 ||| PLANNING TEMPLE
  2159 | D:4      | 2159 ||| READING scroll labelled KAEHUT NIVITU.
  2169 | Temple   | Entered the Ecumenical Temple
  2207 | Temple   | 2207 ||| PLANNING OKAWARU WORSHIP
  2461 | Temple   | Became a worshipper of Warmaster Okawaru
  2461 | Temple   | 2461 ||| PLANNING D:1-11
  2679 | D:4      | Reached XP level 7. HP: 62/62 MP: 7/7
  2822 | D:4      | Found a snail-covered altar of Cheibriados.
  2824 | D:4      | 2824 ||| INVOKING Spit Poison.
  2827 | D:4      | 2827 ||| INVOKING Spit Poison.
  2830 | D:4      | 2830 ||| INVOKING Spit Poison.
  2834 | D:4      | 2834 ||| INVOKING Spit Poison.
  2896 | D:4      | 2896 ||| INVOKING Spit Poison.
  2905 | D:4      | 2905 ||| INVOKING Spit Poison.
  2911 | D:4      | 2911 ||| INVOKING Spit Poison.
  2917 | D:4      | 2917 ||| INVOKING Spit Poison.
  2917 | D:4      | HP: 15/62 [gnoll/+0 halberd[a gnoll bouda] (5)]
  2918 | D:4      | 2918 ||| READING 2 scrolls of teleportation.
  2922 | D:4      | 2922 ||| INVOKING Spit Poison.
  2923 | D:4      | Reached skill level 6 in Ranged Weapons
  3097 | D:4      | 3097 ||| INVOKING Spit Poison.
  3274 | D:5      | Entered Level 5 of the Dungeon
  3275 | D:5      | 3275 ||| PLANNING OSSUARY
  3310 | D:5      | 3310 ||| INVOKING Spit Poison.
  3315 | D:5      | 3315 ||| INVOKING Spit Poison.
  3323 | D:5      | 3323 ||| INVOKING Spit Poison.
  3328 | D:5      | 3328 ||| INVOKING Spit Poison.
  3333 | D:5      | 3333 ||| INVOKING Spit Poison.
  3339 | D:5      | 3339 ||| INVOKING Spit Poison.
  3396 | D:5      | 3396 ||| INVOKING Spit Poison.
  3399 | D:5      | 3399 ||| INVOKING Spit Poison.
  3402 | D:5      | 3402 ||| INVOKING Spit Poison.
  3407 | D:5      | 3407 ||| INVOKING Spit Poison.
  3413 | D:5      | 3413 ||| INVOKING Spit Poison.
  3415 | D:5      | Noticed Pikel
  3420 | D:5      | 3420 ||| INVOKING Spit Poison.
  3426 | D:5      | 3426 ||| INVOKING Spit Poison.
  3428 | D:5      | Killed Pikel
  3428 | D:5      | Reached * piety under Okawaru
  3429 | D:5      | Reached skill level 7 in Ranged Weapons
  3429 | D:5      | Reached XP level 8. HP: 39/72 MP: 8/8
  3429 | D:5      | 3429 ||| INVOKING Heroism.
  3430 | D:5      | 3430 ||| INVOKING Spit Poison.
  3434 | D:5      | Reached skill level 8 in Ranged Weapons
  3434 | D:5      | Reached skill level 1 in Invocations
  3562 | D:5      | Noticed Menkaure
  3563 | D:5      | 3563 ||| INVOKING Heroism.
  3565 | D:5      | Killed Menkaure
  3611 | D:5      | 3611 ||| INVOKING Spit Poison.
  3631 | D:5      | Reached skill level 3 in Dodging
  3631 | D:5      | Reached skill level 3 in Invocations
  3641 | D:5      | Identified the +3 falchion "Vusuv" {protect, Drain rElec
                  | rN+}
  3648 | D:5      | 3648 ||| INVOKING Spit Poison.
  3651 | D:5      | 3651 ||| INVOKING Spit Poison.
  3652 | D:5      | Reached ** piety under Okawaru
  3654 | D:5      | 3654 ||| INVOKING Spit Poison.
  3658 | D:5      | 3658 ||| INVOKING Spit Poison.
  3664 | D:5      | 3664 ||| INVOKING Heroism.
  3665 | D:5      | 3665 ||| INVOKING Spit Poison.
  3670 | D:5      | 3670 ||| INVOKING Spit Poison.
  3750 | D:5      | 3750 ||| INVOKING Spit Poison.
  3753 | D:5      | 3753 ||| INVOKING Spit Poison.
  3758 | D:5      | Reached XP level 9. HP: 79/79 MP: 11/11
  3835 | D:5      | 3835 ||| INVOKING Spit Poison.
  3838 | D:5      | 3838 ||| INVOKING Spit Poison.
  3840 | D:5      | 3840 ||| RIP OSSUARY
  3858 | D:5      | 3858 ||| PLANNING D:1-11
  3858 | D:5      | 3858 ||| INVOKING Spit Poison.
  3863 | D:5      | 3863 ||| INVOKING Spit Poison.
  3866 | D:5      | 3866 ||| INVOKING Spit Poison.
  3919 | D:5      | Noticed Blork the orc
  3920 | D:5      | 3920 ||| INVOKING Heroism.
  3921 | D:5      | 3921 ||| INVOKING Spit Poison.
  3928 | D:5      | 3928 ||| INVOKING Spit Poison.
  3933 | D:5      | 3933 ||| INVOKING Spit Poison.
  3935 | D:5      | Killed Blork the orc
  3937 | D:5      | 3937 ||| INVOKING Heroism.
  3938 | D:5      | 3938 ||| INVOKING Spit Poison.
  3942 | D:5      | 3942 ||| INVOKING Spit Poison.
  3947 | D:5      | 3947 ||| INVOKING Spit Poison.
  4032 | D:5      | 4032 ||| INVOKING Spit Poison.
  4161 | D:5      | 4161 ||| UPGRADING to +0 pair of gloves.
  4166 | D:5      | 4166 ||| UPGRADING to +0 helmet.
  4171 | D:5      | 4171 ||| READING 3 scrolls labelled ETEBUMIRA.
  4172 | D:5      | 4172 ||| READING scroll labelled MEKHLOA ECEDENU.
  4173 | D:5      | 4173 ||| READING 2 scrolls labelled TOTIRIL PYDIMU.
  4291 | D:5      | 4291 ||| DRINKING 2 glowing red potions.
  4292 | D:5      | 4292 ||| DROPPING 2 scrolls of amnesia.
  4293 | D:5      | 4293 ||| DROPPING scroll of torment.
  4320 | D:6      | 4320 ||| INVOKING Spit Poison.
  4359 | D:6      | 4359 ||| INVOKING Heroism.
  4362 | D:6      | 4362 ||| INVOKING Spit Poison.
  4417 | D:6      | 4417 ||| INVOKING Spit Poison.
  4421 | D:6      | Reached skill level 9 in Ranged Weapons
  4440 | D:6      | 4440 ||| INVOKING Spit Poison.
  4571 | D:6      | 4571 ||| INVOKING Spit Poison.
  4575 | D:6      | 4575 ||| INVOKING Spit Poison.
  4578 | D:6      | 4578 ||| INVOKING Spit Poison.
  4581 | D:6      | 4581 ||| INVOKING Heroism.
  4584 | D:6      | 4584 ||| INVOKING Spit Poison.
  4592 | D:6      | Reached skill level 6 in Fighting
  4758 | D:6      | 4758 ||| INVOKING Heroism.
  4759 | D:6      | 4759 ||| INVOKING Spit Poison.
  4960 | D:6      | 4960 ||| INVOKING Spit Poison.
  4963 | D:6      | 4963 ||| INVOKING Spit Poison.
  5041 | D:6      | 5041 ||| INVOKING Spit Poison.
  5094 | D:6      | 5094 ||| INVOKING Spit Poison.
  5251 | D:6      | 5251 ||| INVOKING Heroism.
  5362 | D:6      | Noticed a green ugly thing
  5388 | D:6      | 5388 ||| UPGRADING to +6 ring of strength.
  5389 | D:6      | 5389 ||| READING scroll labelled KAZOEC YTACE.
  5490 | D:6      | 5490 ||| READING 3 scrolls of identify.
  5490 | D:6      | 5490 ||| IDENTIFYING inky potion
  5491 | D:6      | 5491 ||| DROPPING potion of degeneration.
  5541 | D:6      | Killed a green ugly thing
  5542 | D:6      | Reached skill level 10 in Ranged Weapons
  5542 | D:6      | Reached XP level 10. HP: 68/91 MP: 13/13
  5622 | D:7      | 5622 ||| INVOKING Heroism.
  5625 | D:7      | 5625 ||| INVOKING Spit Poison.
  5683 | D:7      | 5683 ||| INVOKING Spit Poison.
  5685 | D:7      | 5685 ||| INVOKING Heroism.
  5686 | D:7      | 5686 ||| Stepping ~*~*~tactically~*~*~ (outnumbered).
  5691 | D:7      | 5691 ||| INVOKING Spit Poison.
  5700 | D:7      | 5700 ||| INVOKING Spit Poison.
  5847 | D:7      | Identified the +1 chain mail "Kuit" {Contam Str+2 Dex+2}
  5923 | D:7      | 5923 ||| Stepping ~*~*~tactically~*~*~ (outnumbered).
  5925 | D:7      | 5925 ||| Stepping ~*~*~tactically~*~*~ (outnumbered).
  5926 | D:7      | 5926 ||| INVOKING Spit Poison.
  5930 | D:7      | 5930 ||| INVOKING Spit Poison.
  5931 | D:7      | 5931 ||| DRINKING 2 potions of curing.
  5931 | D:7      | 5931 ||| (to cure confusion)
  5935 | D:7      | 5935 ||| INVOKING Spit Poison.
  5954 | D:7      | Noticed Prince Ribbit
  5955 | D:7      | 5955 ||| INVOKING Spit Poison.
  5961 | D:7      | 5961 ||| INVOKING Spit Poison.
  5963 | D:7      | Killed Prince Ribbit
  6045 | D:7      | Noticed Dowan
  6047 | D:7      | 6047 ||| INVOKING Spit Poison.
  6047 | D:7      | Noticed Duvessa
  6048 | D:7      | 6048 ||| INVOKING Heroism.
  6051 | D:7      | 6051 ||| INVOKING Spit Poison.
  6054 | D:7      | Killed Dowan
  6086 | D:7      | 6086 ||| INVOKING Spit Poison.
  6091 | D:7      | 6091 ||| INVOKING Spit Poison.
  6286 | D:7      | Reached *** piety under Okawaru
  6344 | D:7      | 6344 ||| INVOKING Heroism.
  6345 | D:7      | 6345 ||| INVOKING Spit Poison.
  6352 | D:7      | 6352 ||| INVOKING Spit Poison.
  6357 | D:7      | Killed Duvessa
  6542 | D:7      | 6542 ||| INVOKING Spit Poison.
  6774 | D:7      | 6774 ||| UPGRADING to +0 steam dragon scales.
  6784 | D:7      | 6784 ||| DROPPING +0 leather armour.
  6785 | D:7      | 6785 ||| UPGRADING to +1 pair of gloves.
  6795 | D:7      | 6795 ||| DROPPING +0 pair of gloves.
  6796 | D:7      | 6796 ||| READING scroll labelled WAIRYM CAULONY.
  6797 | D:7      | 6797 ||| READING 3 scrolls of identify.
  6797 | D:7      | 6797 ||| IDENTIFYING pink potion
  6798 | D:7      | 6798 ||| READING 2 scrolls of identify.
  6798 | D:7      | 6798 ||| IDENTIFYING fuming purple potion
  6799 | D:7      | 6799 ||| DROPPING potion of attraction.
  6925 | D:8      | 6925 ||| Stepping ~*~*~tactically~*~*~ (outnumbered).
  6926 | D:8      | 6926 ||| INVOKING Spit Poison.
  6930 | D:8      | 6930 ||| INVOKING Spit Poison.
  6935 | D:8      | 6935 ||| INVOKING Spit Poison.
  6938 | D:8      | 6938 ||| INVOKING Spit Poison.
  6942 | D:8      | 6942 ||| INVOKING Spit Poison.
  6944 | D:8      | 6944 ||| INVOKING Heroism.
  6946 | D:8      | Reached skill level 11 in Ranged Weapons
  6946 | D:8      | 6946 ||| INVOKING Spit Poison.
  7198 | D:8      | 7198 ||| INVOKING Spit Poison.
  7206 | D:8      | 7206 ||| Stepping ~*~*~tactically~*~*~ (outnumbered).
  7207 | D:8      | 7207 ||| INVOKING Spit Poison.
  7214 | D:8      | 7214 ||| INVOKING Spit Poison.
  7218 | D:8      | 7218 ||| INVOKING Heroism.
  7219 | D:8      | 7219 ||| INVOKING Spit Poison.
  7223 | D:8      | 7223 ||| INVOKING Spit Poison.
  7226 | D:8      | 7226 ||| Stepping ~*~*~tactically~*~*~ (outnumbered).
  7234 | D:8      | 7234 ||| INVOKING Heroism.
  7235 | D:8      | 7235 ||| INVOKING Spit Poison.
  7357 | D:8      | 7357 ||| INVOKING Heroism.
  7358 | D:8      | 7358 ||| INVOKING Spit Poison.
  7386 | D:8      | Identified the +5 scale mail of the Hidden Vale {rN+ Int+2
                  | Dex+3}
  7419 | D:8      | 7419 ||| INVOKING Spit Poison.
  7427 | D:8      | 7427 ||| INVOKING Spit Poison.
  7432 | D:8      | 7432 ||| INVOKING Spit Poison.
  7457 | D:8      | 7457 ||| READING scroll of enchant armour.
  7457 | D:8      | 7457 ||| ENCHANTING +0 steam dragon scales.
  7562 | D:8      | 7562 ||| INVOKING Spit Poison.
  7639 | D:8      | 7639 ||| INVOKING Spit Poison.
  7643 | D:8      | 7643 ||| INVOKING Spit Poison.
  7671 | D:8      | 7671 ||| READING scroll labelled GYOBLO UREF.
  7686 | D:9      | 7686 ||| INVOKING Spit Poison.
  7693 | D:9      | 7693 ||| INVOKING Spit Poison.
  7708 | D:9      | Found Sunloame's Assorted Antiques.
  7717 | D:9      | 7717 ||| BUYING glowing robe (103 gold).
  7717 | D:9      | Bought a glowing robe for 103 gold pieces
  7717 | D:9      | 7717 ||| BUYING potion of curing (84 gold).
  7717 | D:9      | Bought a potion of curing for 84 gold pieces
  7717 | D:9      | 7717 ||| BUYING scroll labelled VUUZXU DIANANU (28 gold).
  7717 | D:9      | Bought a scroll labelled VUUZXU DIANANU for 28 gold pieces
  7717 | D:9      | 7717 ||| BUYING scroll of teleportation (84 gold).
  7717 | D:9      | Bought a scroll of teleportation for 84 gold pieces
  7751 | D:9      | Found a hide-covered altar of Uskayaw.
  7763 | D:9      | 7763 ||| INVOKING Spit Poison.
  7769 | D:9      | 7769 ||| INVOKING Spit Poison.
  7774 | D:9      | 7774 ||| INVOKING Heroism.
  7776 | D:9      | 7776 ||| INVOKING Spit Poison.
  7785 | D:9      | 7785 ||| INVOKING Spit Poison.
  7789 | D:9      | 7789 ||| INVOKING Spit Poison.
  7791 | D:9      | Reached XP level 11. HP: 40/103 MP: 12/14
  7793 | D:9      | HP: 25/103 [yak (11)]
  7794 | D:9      | 7794 ||| READING 2 scrolls of teleportation.
  7795 | D:9      | 7795 ||| DRINKING potion of heal wounds.
  7963 | D:9      | 7963 ||| INVOKING Spit Poison.
  7967 | D:9      | 7967 ||| INVOKING Spit Poison.
  7973 | D:9      | 7973 ||| INVOKING Spit Poison.
  7978 | D:9      | 7978 ||| INVOKING Spit Poison.
  7983 | D:9      | 7983 ||| INVOKING Spit Poison.
  7988 | D:9      | 7988 ||| INVOKING Heroism.
  7990 | D:9      | 7990 ||| INVOKING Spit Poison.
  8150 | D:9      | 8150 ||| INVOKING Spit Poison.
  8158 | D:9      | 8158 ||| INVOKING Spit Poison.
  8221 | D:9      | Found a flagged portal.
  8222 | D:9      | Noticed Harold
  8223 | D:9      | 8223 ||| INVOKING Heroism.
  8234 | D:9      | 8234 ||| DROPPING +0 robe of willpower.
  8238 | D:9      | 8238 ||| INVOKING Heroism.
  8246 | D:9      | 8246 ||| READING scroll labelled VUUZXU DIANANU.
  8254 | D:9      | 8254 ||| INVOKING Heroism.
  8277 | D:9      | 8277 ||| INVOKING Heroism.
  8279 | D:9      | 8279 ||| INVOKING Spit Poison.
  8284 | D:9      | 8284 ||| INVOKING Spit Poison.
  8292 | D:9      | Killed Harold
  8293 | D:9      | Reached skill level 12 in Ranged Weapons
  8427 | D:9      | 8427 ||| INVOKING Heroism.
  8428 | D:9      | 8428 ||| INVOKING Spit Poison.
  8432 | D:9      | 8432 ||| INVOKING Spit Poison.
  8765 | D:9      | Noticed a red ugly thing
  8767 | D:9      | 8767 ||| INVOKING Spit Poison.
  8774 | D:9      | 8774 ||| INVOKING Spit Poison.
  8775 | D:9      | Killed a red ugly thing
  8885 | D:10     | Entered Level 10 of the Dungeon
  8902 | D:10     | 8902 ||| INVOKING Spit Poison.
  8914 | D:10     | 8914 ||| INVOKING Heroism.
  8925 | D:10     | 8925 ||| INVOKING Spit Poison.
  8985 | D:10     | Noticed a two-headed ogre
  8986 | D:10     | 8986 ||| INVOKING Heroism.
  8995 | D:10     | 8995 ||| INVOKING Spit Poison.
  9003 | D:10     | Killed a two-headed ogre
  9125 | D:10     | Reached **** piety under Okawaru
  9126 | D:10     | Reached skill level 13 in Ranged Weapons
  9192 | D:10     | 9192 ||| INVOKING Spit Poison.
  9201 | D:10     | 9201 ||| INVOKING Spit Poison.
  9201 | D:10     | Noticed Urug
  9202 | D:10     | 9202 ||| INVOKING Heroism.
  9218 | D:10     | 9218 ||| INVOKING Spit Poison.
  9223 | D:10     | HP: 24/103 [Urug/+2 battleaxe (14)]
  9224 | D:10     | 9224 ||| READING scroll of teleportation.
  9225 | D:10     | 9225 ||| INVOKING Heroism.
  9225 | D:10     | HP: 7/103 [Urug/+2 battleaxe (6)]
  9226 | D:10     | 9226 ||| INVOKING Spit Poison.
  9226 | D:10     | Killed Urug
  9243 | D:10     | 9243 ||| DRINKING 2 potions of curing.
  9243 | D:10     | 9243 ||| (to cure confusion)
  9247 | D:10     | HP: 7/103 [vampire/vampiric draining (15)]
  9279 | D:10     | 9279 ||| INVOKING Heroism.
  9280 | D:10     | 9280 ||| INVOKING Spit Poison.
  9509 | D:10     | Found a staircase to the Lair.
  9663 | D:10     | Reached skill level 6 in Dodging
  9767 | D:10     | Found an ancient bone altar of Kikubaaqudgha.
  9767 | D:10     | Noticed Snorg
  9768 | D:10     | 9768 ||| INVOKING Heroism.
  9770 | D:10     | 9770 ||| INVOKING Spit Poison.
  9773 | D:10     | Noticed a sixfirhy
  9776 | D:10     | Noticed a sun demon
  9779 | D:10     | 9779 ||| INVOKING Spit Poison.
  9782 | D:10     | Killed Snorg
  9791 | D:10     | 9791 ||| INVOKING Heroism.
  9792 | D:10     | HP: 24/104 [sun demon[a kobold demonologist] (12)]
  9797 | D:10     | 9797 ||| INVOKING Spit Poison.
  9804 | D:10     | Reached XP level 12. HP: 25/112 MP: 13/16
 10060 | D:10     | 10060 ||| READING scroll of enchant weapon.
 10060 | D:10     | 10060 ||| ENCHANTING +1 orcbow.
 10105 | D:10     | Reached skill level 6 in Invocations
 10123 | D:10     | Reached skill level 9 in Fighting
 10377 | D:10     | 10377 ||| PLANNING LAIR
 10377 | D:10     | 10377 ||| READING scroll labelled JYECVA KYQO.
 10378 | D:10     | 10378 ||| READING 2 scrolls of identify.
 10378 | D:10     | 10378 ||| IDENTIFYING fizzy coppery potion
 10431 | Lair:1   | Entered Level 1 of the Lair of Beasts
 10493 | Lair:1   | Reached ***** piety under Okawaru
 10527 | Lair:1   | 10527 ||| INVOKING Heroism.
 10881 | Lair:1   | 10881 ||| INVOKING Heroism.
 11001 | Lair:1   | 11001 ||| INVOKING Heroism.
 11157 | Lair:1   | Received a gift from Okawaru
 11184 | Lair:1   | 11184 ||| INVOKING Heroism.
 11206 | Lair:1   | 11206 ||| INVOKING Heroism.
 11233 | Lair:1   | Found the +4 robe of Folly {Brill Will-∞ Int+8}
 11848 | Lair:1   | Found a runed translucent gate.
 11848 | Lair:1   | Found a runed translucent gate.
 11848 | Lair:1   | Noticed qw's ghost (journeyman NaHu)
 11849 | Lair:1   | Found a runed translucent gate.
 11851 | Lair:1   | Noticed a great orb of eyes
 11855 | Lair:1   | Found a viscous altar of Jiyva.
 12042 | Lair:1   | 12042 ||| UPGRADING to +4 robe of Folly {Brill Will-∞
                  | Int+8}.
 12052 | Lair:1   | 12052 ||| DROPPING +1 steam dragon scales.
 12053 | Lair:1   | 12053 ||| DROPPING amulet of guardian spirit.
 12108 | Lair:2   | Noticed Maggie
 12113 | Lair:2   | 12113 ||| STAIRDANCE
 12249 | Lair:2   | 12249 ||| STAIRDANCE
 12429 | Lair:2   | Killed Maggie
 12610 | Lair:2   | 12610 ||| INVOKING Heroism.
 12698 | Lair:2   | Reached skill level 9 in Invocations
 12893 | Lair:2   | 12893 ||| Stepping ~*~*~tactically~*~*~ (outnumbered).
 12987 | Lair:2   | Found a staircase to the Snake Pit.
 13390 | Lair:2   | 13390 ||| INVOKING Heroism.
 13735 | Lair:2   | 13735 ||| DRINKING 2 bubbling blue potions.
 13736 | Lair:2   | 13736 ||| DRINKING 2 potions of curing.
 13736 | Lair:2   | 13736 ||| (to cure confusion)
 13737 | Lair:2   | 13737 ||| READING 2 scrolls of identify.
 13737 | Lair:2   | 13737 ||| IDENTIFYING fizzy dark potion
 13738 | Lair:2   | 13738 ||| DROPPING potion of lignification.
 13739 | Lair:2   | 13739 ||| DROPPING potion of ambrosia.
 13749 | Lair:3   | Noticed Josephine
 13752 | Lair:3   | 13752 ||| STAIRDANCE
 13808 | Lair:3   | 13808 ||| STAIRDANCE
 13886 | Lair:3   | 13886 ||| STAIRDANCE
 13893 | Lair:2   | 13893 ||| INVOKING Heroism.
 13896 | Lair:2   | Killed Josephine
 13897 | Lair:2   | Reached skill level 14 in Ranged Weapons
 13897 | Lair:2   | Gained mutation: You can use your snake-like lower body to
                  | constrict enemies. [Naga growth]
 13897 | Lair:2   | Reached XP level 13. HP: 71/121 MP: 17/20
 14033 | Lair:3   | 14033 ||| Stepping ~*~*~tactically~*~*~ (cloud).
 14035 | Lair:3   | 14035 ||| INVOKING Heroism.
 14038 | Lair:3   | 14038 ||| Stepping ~*~*~tactically~*~*~ (cloud).
 14223 | Lair:3   | 14223 ||| INVOKING Heroism.
 14324 | Lair:3   | 14324 ||| INVOKING Heroism.
 14345 | Lair:3   | HP: 30/121 [elephant (7)]
 14350 | Lair:3   | HP: 29/121 [elephant (3)]
 14561 | Lair:3   | 14561 ||| INVOKING Heroism.
 14861 | Lair:3   | 14861 ||| INVOKING Heroism.
 14923 | Lair:3   | 14923 ||| INVOKING Heroism.
 15041 | Lair:3   | Identified the +1 arbalest of the Jester {drain, +Blink
                  | rElec Dex+3} (Okawaru gifted it to you on level 3 of the
                  | Lair of Beasts)
 15041 | Lair:3   | Received a gift from Okawaru
 15074 | Lair:3   | Reached skill level 15 in Ranged Weapons
 15132 | Lair:3   | 15132 ||| SWAPPING to +1 arbalest of the Jester {drain,
                  | +Blink rElec Dex+3}.
 15133 | Lair:3   | 15133 ||| DROPPING +2 orcbow.
 15159 | Lair:3   | Found a staircase to the Swamp.
 15245 | Lair:3   | 15245 ||| INVOKING Heroism.
 15246 | Lair:3   | 15246 ||| INVOKING Finesse.
 15315 | Lair:3   | 15315 ||| INVOKING Heroism.
 15316 | Lair:3   | 15316 ||| INVOKING Finesse.
 15801 | Lair:4   | 15801 ||| READING scroll of enchant armour.
 15801 | Lair:4   | 15801 ||| ENCHANTING +1 pair of gloves.
 15856 | Lair:4   | Reached XP level 14. HP: 132/132 MP: 21/21
 15920 | Lair:4   | 15920 ||| STAIRDANCE
 15976 | Lair:4   | 15976 ||| STAIRDANCE
 16102 | Lair:4   | Reached skill level 16 in Ranged Weapons
 16197 | Lair:4   | Reached ****** piety under Okawaru
 16600 | Lair:5   | Entered Level 5 of the Lair of Beasts
 16602 | Lair:5   | Received a gift from Okawaru
 16609 | Lair:5   | 16609 ||| DROPPING +2 antimagic arbalest.
 16706 | Lair:5   | 16706 ||| INVOKING Heroism.
 16708 | Lair:5   | 16708 ||| INVOKING Finesse.
 16709 | Lair:5   | 16709 ||| INVOKING Finesse.
 16795 | Lair:5   | 16795 ||| INVOKING Heroism.
 16796 | Lair:5   | 16796 ||| INVOKING Finesse.
 16884 | Lair:5   | Found a runed translucent door.
 16885 | Lair:5   | Noticed an azure jelly
 16891 | Lair:5   | Found a staircase to the Slime Pits.
 16891 | Lair:5   | Noticed an azure jelly
 16891 | Lair:5   | Noticed an azure jelly
 16891 | Lair:5   | Noticed an azure jelly
 16921 | Lair:5   | Reached skill level 9 in Dodging
 16932 | Lair:5   | 16932 ||| INVOKING Heroism.
 16933 | Lair:5   | 16933 ||| INVOKING Finesse.
 16990 | Lair:5   | 16990 ||| INVOKING Heroism.
 16991 | Lair:5   | 16991 ||| INVOKING Finesse.
 17053 | Lair:5   | Received a gift from Okawaru
 17074 | Lair:5   | 17074 ||| INVOKING Heroism.
 17077 | Lair:5   | 17077 ||| INVOKING Finesse.
 17264 | Lair:5   | 17264 ||| INVOKING Heroism.
 17497 | Lair:5   | Found a large runed translucent door.
 17499 | Lair:5   | Found a large runed translucent door.
 17527 | Lair:5   | 17527 ||| INVOKING Heroism.
 17530 | Lair:5   | 17530 ||| Stepping ~*~*~tactically~*~*~ (outnumbered).
 17593 | Lair:5   | 17593 ||| Stepping ~*~*~tactically~*~*~ (outnumbered).
 17614 | Lair:5   | 17614 ||| Stepping ~*~*~tactically~*~*~ (outnumbered).
 17619 | Lair:5   | 17619 ||| Stepping ~*~*~tactically~*~*~ (outnumbered).
 17644 | Lair:5   | 17644 ||| FLEEEEING.
 17709 | Lair:5   | Reached skill level 17 in Ranged Weapons
 18249 | Lair:5   | 18249 ||| PLANNING D:1-11
 18961 | D:11     | 18961 ||| INVOKING Heroism.
 18962 | D:11     | 18962 ||| INVOKING Finesse.
 18966 | D:11     | Reached XP level 15. HP: 141/141 MP: 14/22
 19032 | D:11     | Found Fopel's Weapon Shoppe.
 19180 | D:11     | Noticed Nergalle
 19186 | D:11     | Killed Nergalle
 19570 | D:11     | 19570 ||| PLANNING D
 19588 | D:12     | 19588 ||| INVOKING Heroism.
 19690 | D:12     | 19690 ||| DRINKING 4 potions of curing.
 19690 | D:12     | 19690 ||| (to cure confusion)
 19727 | D:12     | Identified the +2 pair of gloves of Okawaru's Grace {rPois}
                  | (Okawaru gifted it to you on level 12 of the Dungeon)
 19727 | D:12     | Received a gift from Okawaru
 20006 | D:12     | 20006 ||| Stepping ~*~*~tactically~*~*~ (outnumbered).
 20033 | D:12     | Found a staircase to the Orcish Mines.
 20041 | D:12     | 20041 ||| Stepping ~*~*~tactically~*~*~ (outnumbered).
 20097 | D:12     | Reached skill level 18 in Ranged Weapons
 20433 | D:12     | 20433 ||| DROPPING +2 pair of gloves of Okawaru's Grace
                  | {rPois}.
 20434 | D:12     | 20434 ||| UPGRADING to +0 troll leather armour.
 20444 | D:12     | 20444 ||| DROPPING +4 robe of Folly {Brill Will-∞ Int+8}.
 20504 | D:13     | 20504 ||| READING scroll of enchant armour.
 20504 | D:13     | 20504 ||| ENCHANTING +0 helmet.
 20506 | D:13     | Found a gate to the Vaults.
 20507 | D:13     | 20507 ||| INVOKING Heroism.
 20508 | D:13     | 20508 ||| INVOKING Finesse.
 20513 | D:13     | 20513 ||| Stepping ~*~*~tactically~*~*~ (outnumbered).
 20753 | D:13     | Reached skill level 6 in Armour
 20882 | D:13     | 20882 ||| Stepping ~*~*~tactically~*~*~ (outnumbered).
 20891 | D:13     | 20891 ||| Stepping ~*~*~tactically~*~*~ (outnumbered).
 20893 | D:13     | 20893 ||| Stepping ~*~*~tactically~*~*~ (outnumbered).
 20894 | D:13     | 20894 ||| Stepping ~*~*~tactically~*~*~ (outnumbered).
 20897 | D:13     | 20897 ||| INVOKING Heroism.
 20898 | D:13     | 20898 ||| Stepping ~*~*~tactically~*~*~ (outnumbered).
 20899 | D:13     | 20899 ||| Stepping ~*~*~tactically~*~*~ (outnumbered).
 21195 | D:13     | 21195 ||| UPGRADING to ring of willpower.
 21197 | D:13     | 21197 ||| READING 6 scrolls of identify.
 21197 | D:13     | 21197 ||| IDENTIFYING golden potion
 21305 | D:14     | 21305 ||| INVOKING Heroism.
 21376 | D:14     | Reached skill level 12 in Fighting
 21384 | D:14     | Found a large runed translucent door.
 21384 | D:14     | Found a large runed translucent door.
 21385 | D:14     | Found a shimmering altar of Xom.
 21931 | D:15     | Entered Level 15 of the Dungeon
 21959 | D:15     | Found Plog's Armour Shoppe.
 21967 | D:15     | 21967 ||| BUYING +2 pair of gloves of Gozag's Reproof
                  | {Contam Str+8 Int+2} (442 gold).
 21967 | D:15     | Bought the +2 pair of gloves of Gozag's Reproof {Contam
                  | Str+8 Int+2} for 442 gold pieces
 22001 | D:15     | 22001 ||| Stepping ~*~*~tactically~*~*~ (outnumbered).
 22090 | D:15     | Found a bloodstained altar of Trog.
 22105 | D:15     | Identified the ring "Riocaka" {rF+ rN+ AC+4 Dex+3 Stlth+}
 22314 | D:15     | 22314 ||| INVOKING Heroism.
 22389 | D:15     | Found a staircase to the Depths.
 22432 | D:15     | 22432 ||| PLANNING ORC
 22432 | D:15     | 22432 ||| UPGRADING to +2 pair of gloves of Gozag's Reproof
                  | {Contam Str+8 Int+2}.
 22442 | D:15     | 22442 ||| DROPPING +2 pair of gloves.
 22443 | D:15     | 22443 ||| UPGRADING to ring "Riocaka" {rF+ rN+ AC+4 Dex+3
                  | Stlth+}.
 22445 | D:15     | 22445 ||| DROPPING +6 ring of strength.
 22446 | D:15     | 22446 ||| UPGRADING to ring "Waecaecs" {Str+7 Int-3 Dex+6
                  | Stlth+}.
 22448 | D:15     | 22448 ||| DROPPING ring of willpower.
 22533 | Orc:1    | Entered Level 1 of the Orcish Mines
 22574 | Orc:2    | Entered Level 2 of the Orcish Mines
 22587 | Orc:2    | 22587 ||| STAIRDANCE
 22604 | Orc:2    | 22604 ||| INVOKING Heroism.
 22634 | Orc:2    | 22634 ||| INVOKING Finesse.
 22705 | Orc:2    | 22705 ||| INVOKING Heroism.
 22750 | Orc:1    | Noticed an orc warlord
 22751 | Orc:1    | 22751 ||| INVOKING Heroism.
 22757 | Orc:1    | 22757 ||| Stepping ~*~*~tactically~*~*~ (outnumbered).
 22763 | Orc:1    | 22763 ||| Stepping ~*~*~tactically~*~*~ (outnumbered).
 22765 | Orc:1    | Killed an orc warlord
 22881 | Orc:1    | Reached XP level 16. HP: 153/153 MP: 23/23
 22901 | Orc:1    | 22901 ||| INVOKING Heroism.
 22906 | Orc:1    | 22906 ||| Stepping ~*~*~tactically~*~*~ (outnumbered).
 23081 | Orc:1    | 23081 ||| INVOKING Heroism.
 23291 | Orc:1    | 23291 ||| Stepping ~*~*~tactically~*~*~ (outnumbered).
 23415 | Orc:2    | 23415 ||| INVOKING Heroism.
 23460 | Orc:2    | Found Penaish's Firing Range.
 23474 | Orc:2    | 23474 ||| BUYING +0 longbow (97 gold).
 23474 | Orc:2    | Bought a +0 longbow for 97 gold pieces
 23474 | Orc:2    | 23474 ||| SWAPPING to +0 longbow.
 23475 | Orc:2    | 23475 ||| DROPPING +1 arbalest of the Jester {drain, +Blink
                  | rElec Dex+3}.
 23476 | Orc:2    | 23476 ||| READING 3 scrolls of enchant weapon.
 23476 | Orc:2    | 23476 ||| ENCHANTING +0 longbow.
 23477 | Orc:2    | 23477 ||| READING 2 scrolls of enchant weapon.
 23477 | Orc:2    | 23477 ||| ENCHANTING +1 longbow.
 23478 | Orc:2    | 23478 ||| READING scroll of enchant weapon.
 23478 | Orc:2    | 23478 ||| ENCHANTING +2 longbow.
 23492 | Orc:2    | Found a staircase to the Elven Halls.
 23496 | Orc:2    | 23496 ||| INVOKING Heroism.
 23680 | Orc:2    | Found Toptywnata's Antique Weapon Shop.
 23697 | Orc:2    | 23697 ||| INVOKING Heroism.
 23735 | Orc:2    | 23735 ||| Stepping ~*~*~tactically~*~*~ (outnumbered).
 23752 | Orc:2    | 23752 ||| INVOKING Heroism.
 23787 | Orc:2    | 23787 ||| INVOKING Heroism.
 23821 | Orc:2    | 23821 ||| FLEEEEING.
 23825 | Orc:2    | 23825 ||| FLEEEEING.
 23826 | Orc:2    | 23826 ||| FLEEEEING.
 23827 | Orc:2    | 23827 ||| FLEEEEING.
 23828 | Orc:2    | 23828 ||| FLEEEEING.
 23829 | Orc:2    | 23829 ||| STAIRDANCE
 23869 | Orc:2    | 23869 ||| INVOKING Heroism.
 23883 | Orc:2    | Found Weofats's Book Boutique.
 23900 | Orc:2    | Found Gausyeh's Book Emporium.
 23909 | Orc:2    | Found Mualety's Armour Shop.
 23923 | Orc:2    | 23923 ||| PLANNING SWAMP:1-3
 24129 | Swamp:1  | Entered Level 1 of the Swamp
 24202 | Swamp:1  | 24202 ||| INVOKING Heroism.
 24205 | Swamp:1  | Received a gift from Okawaru
 24242 | Swamp:1  | 24242 ||| INVOKING Heroism.
 24248 | Swamp:1  | Reached skill level 19 in Ranged Weapons
 24293 | Swamp:1  | 24293 ||| INVOKING Heroism.
 24380 | Swamp:1  | 24380 ||| INVOKING Heroism.
 24489 | Swamp:1  | 24489 ||| INVOKING Heroism.
 24521 | Swamp:1  | 24521 ||| INVOKING Heroism.
 24524 | Swamp:1  | Received a gift from Okawaru
 24645 | Swamp:1  | 24645 ||| INVOKING Heroism.
 24691 | Swamp:1  | 24691 ||| INVOKING Heroism.
 24732 | Swamp:1  | 24732 ||| INVOKING Heroism.
 24748 | Swamp:1  | Noticed a fenstrider witch
 24750 | Swamp:1  | Killed a fenstrider witch
 24984 | Swamp:1  | 24984 ||| READING scroll labelled GIDUEH FAEFI.
 24985 | Swamp:1  | 24985 ||| DROPPING +0 sling of flaming.
 25047 | Swamp:2  | 25047 ||| INVOKING Heroism.
 25074 | Swamp:2  | 25074 ||| STAIRDANCE
 25177 | Swamp:2  | 25177 ||| INVOKING Heroism.
 25192 | Swamp:2  | Received a gift from Okawaru
 25245 | Swamp:2  | Identified the +3 great sword of Xuotwosk {flame, Fly rF-
                  | rN++}
 25260 | Swamp:2  | Noticed a thorn hunter
 25261 | Swamp:2  | 25261 ||| INVOKING Heroism.
 25268 | Swamp:2  | Killed a thorn hunter
 25312 | Swamp:2  | 25312 ||| INVOKING Heroism.
 25317 | Swamp:2  | Reached skill level 20 in Ranged Weapons
 25357 | Swamp:2  | 25357 ||| Stepping ~*~*~tactically~*~*~ (cloud).
 25391 | Swamp:2  | 25391 ||| INVOKING Heroism.
 25449 | Swamp:2  | Reached XP level 17. HP: 163/163 MP: 24/24
 25465 | Swamp:2  | 25465 ||| INVOKING Heroism.
 25544 | Swamp:2  | 25544 ||| INVOKING Heroism.
 25545 | Swamp:2  | 25545 ||| Stepping ~*~*~tactically~*~*~ (outnumbered).
 25628 | Swamp:2  | 25628 ||| INVOKING Heroism.
 25697 | Swamp:2  | Found a runed translucent gate.
 25698 | Swamp:2  | Found a runed translucent gate.
 25699 | Swamp:2  | Found a runed translucent gate.
 25706 | Swamp:2  | Noticed Foxy's ghost (adept GrFi)
 25876 | Swamp:2  | 25876 ||| DROPPING ring of flight.
 25877 | Swamp:2  | 25877 ||| READING scroll labelled OSHIQY TYMULO.
 25877 | Swamp:2  | Identified a scroll of acquirement
 25877 | Swamp:2  | 25877 ||| ACQUIRING 516 gold pieces
 25877 | Swamp:2  | Acquired 516 gold pieces
 25884 | Swamp:3  | 25884 ||| INVOKING Heroism.
 26000 | Swamp:3  | 26000 ||| INVOKING Heroism.
 26333 | Swamp:3  | 26333 ||| PLANNING SNAKE:1-3
 26489 | Snake:1  | Entered Level 1 of the Snake Pit
 26548 | Snake:1  | Found Paithoiwy's Jewellery Emporium.
 26551 | Snake:1  | Found Qeecoth's Book Shop.
 26552 | Snake:1  | Found Mahureir's Jewellery Emporium.
 26605 | Snake:1  | Noticed Rupert
 26606 | Snake:1  | 26606 ||| INVOKING Heroism.
 26611 | Snake:1  | Killed Rupert
 26705 | Snake:1  | 26705 ||| Stepping ~*~*~tactically~*~*~ (outnumbered).
 26707 | Snake:1  | 26707 ||| INVOKING Heroism.
 26708 | Snake:1  | 26708 ||| Stepping ~*~*~tactically~*~*~ (outnumbered).
 26727 | Snake:1  | 26727 ||| Stepping ~*~*~tactically~*~*~ (outnumbered).
 26729 | Snake:1  | 26729 ||| Stepping ~*~*~tactically~*~*~ (outnumbered).
 26731 | Snake:1  | 26731 ||| Stepping ~*~*~tactically~*~*~ (outnumbered).
 26739 | Snake:1  | 26739 ||| Stepping ~*~*~tactically~*~*~ (outnumbered).
 27194 | Snake:2  | Noticed Frances
 27195 | Snake:2  | 27195 ||| INVOKING Heroism.
 27202 | Snake:2  | 27202 ||| Stepping ~*~*~tactically~*~*~ (outnumbered).
 27212 | Snake:2  | Killed Frances
 27326 | Snake:2  | 27326 ||| INVOKING Heroism.
 27327 | Snake:2  | 27327 ||| Stepping ~*~*~tactically~*~*~ (outnumbered).
 27343 | Snake:2  | 27343 ||| FLEEEEING.
 27464 | Snake:2  | 27464 ||| INVOKING Heroism.
 27478 | Snake:2  | Reached skill level 15 in Fighting
 27510 | Snake:2  | 27510 ||| FLEEEEING.
 27511 | Snake:2  | 27511 ||| FLEEEEING.
 27553 | Snake:2  | Identified the +5 whip "Ziehugau" {vamp, rElec rC+++ rN+
                  | Dex-5}
 27630 | Snake:2  | Noticed Donald
 27631 | Snake:2  | 27631 ||| INVOKING Heroism.
 27632 | Snake:2  | 27632 ||| INVOKING Finesse.
 27638 | Snake:2  | Killed Donald
 27713 | Snake:2  | 27713 ||| FLEEEEING.
 27714 | Snake:2  | 27714 ||| FLEEEEING.
 27715 | Snake:2  | 27715 ||| FLEEEEING.
 27716 | Snake:2  | 27716 ||| FLEEEEING.
 27717 | Snake:2  | 27717 ||| FLEEEEING.
 27718 | Snake:2  | 27718 ||| FLEEEEING.
 27724 | Snake:2  | 27724 ||| FLEEEEING.
 27727 | Snake:2  | Received a gift from Okawaru
 27757 | Snake:2  | 27757 ||| Stepping ~*~*~tactically~*~*~ (outnumbered).
 27796 | Snake:2  | Noticed Aizul
 27797 | Snake:2  | 27797 ||| INVOKING Heroism.
 27798 | Snake:2  | 27798 ||| INVOKING Finesse.
 27807 | Snake:2  | Killed Aizul
 28041 | Snake:2  | 28041 ||| INVOKING Heroism.
 28082 | Snake:2  | 28082 ||| INVOKING Heroism.
 28212 | Snake:2  | 28212 ||| INVOKING Heroism.
 28299 | Snake:2  | Reached skill level 12 in Dodging
 28299 | Snake:2  | Reached XP level 18. HP: 169/178 MP: 25/25
 28541 | Snake:3  | Noticed Roxanne
 28542 | Snake:3  | 28542 ||| INVOKING Heroism.
 28551 | Snake:3  | Killed Roxanne
 28600 | Snake:3  | 28600 ||| INVOKING Heroism.
 28603 | Snake:3  | Noticed Vashnia
 28617 | Snake:3  | Killed Vashnia
 28775 | Snake:3  | 28775 ||| INVOKING Heroism.
 28780 | Snake:3  | Reached skill level 9 in Armour
 28802 | Snake:3  | 28802 ||| UPGRADING to +1 barding of fire resistance.
 28812 | Snake:3  | 28812 ||| DROPPING +0 barding.
 29373 | Snake:3  | 29373 ||| INVOKING Heroism.
 29579 | Snake:3  | 29579 ||| Stepping ~*~*~tactically~*~*~ (outnumbered).
 29651 | Snake:3  | 29651 ||| PLANNING SWAMP:4
 29845 | Swamp:4  | Entered Level 4 of the Swamp
 29894 | Swamp:4  | 29894 ||| INVOKING Heroism.
 29943 | Swamp:4  | 29943 ||| INVOKING Heroism.
 30254 | Swamp:4  | Noticed the 27-headed Lernaean hydra
 30261 | Swamp:4  | 30261 ||| INVOKING Heroism.
 30264 | Swamp:4  | HP: 43/181 [the 27-headed Lernaean hydra (3)]
 30265 | Swamp:4  | 30265 ||| READING 5 scrolls of teleportation.
 30265 | Swamp:4  | HP: 18/181 [the 27-headed Lernaean hydra (5)]
 30266 | Swamp:4  | 30266 ||| DRINKING 3 potions of heal wounds.
 30266 | Swamp:4  | HP: 6/181 [the 27-headed Lernaean hydra (8)]
 30267 | Swamp:4  | 30267 ||| DRINKING 2 potions of heal wounds.
 30268 | Swamp:4  | 30268 ||| DRINKING potion of heal wounds.
 30269 | Swamp:4  | Slain by the 27-headed Lernaean hydra

Levels and vault maps discovered:
D:1:      nicolae_arrival_memento_mori, layout_basic,
          dreamdust_ecumenical_altar_statues
D:2:      layout_rooms, kennysheep_another_room, uniq_natasha
D:3:      layout_basic, fedhas_altar_3, nicolae_dithmenos_shadow_blocks,
          uniq_crazy_yiuf_cottage
D:4:      layout_basic, slow_altar_2, temple_fountains, uniq_grinder
D:5:      layout_basic, enter_ossuary_5, uniq_menkaure, uniq_pikel,
          uniq_blork_the_orc
D:6:      layout_basic, kb_rosetta
D:7:      layout_loops_corners, hangedman_abyss_or_decor_stabs,
          uniq_prince_ribbit1, uniq_duvessa
D:8:      layout_basic, kennysheep_nub, serial_bayou_ford_a
D:9:      layout_loops_ring, mainiacjoe_overflow_tiny_flanked, enter_bailey_6,
          serial_shops, nicolae_square_shop,
          nicolae_concentric_dashed_squares_mild, minmay_microvault, uniq_harold
D:10:     layout_loops_ring, mainiacjoe_overflow_six_doors_small,
          erik_lair_orcish_takeover, serial_undead, serial_undead_d,
          serial_undead_d, serial_undead_d, serial_undead_b, uniq_urug,
          uniq_snorg
D:11:     layout_basic, serial_shops, nicolae_shop_hallway_plus, uniq_nergalle
D:12:     layout_basic, hiddenorc2_lemuel
D:13:     layout_loops_ring, david_vaults_2
D:14:     due_chaos_kobolds, layout_long_grid, grunt_decor_arrowhead,
          grunt_decor_resistance, minmay_misc_feat_four_crosses, st_stairs_14
D:15:     grunt_enter_depths_hoard, layout_cave_pools, chequers_mini_garden,
          serial_shops, shop, bloody_trog
Temple:   minmay_temple_bridge_d
Lair:1:   layout_layer_cave, gammafunk_ghost_ooze,
          cheibrodos_lair_caveside_slide, st_stairs_12, grunt_megastairs_2
Lair:2:   layout_cellular_growth, minmay_snake_entry_guardpost_medium,
          grunt_megastairs_4, uniq_maggie
Lair:3:   layout_roguey, skrybe_swamp_entry_bodies, dreamdust_gnoll_shepherd,
          uniq_josephine
Lair:4:   layout_roguey
Lair:5:   cheibrodos_lair_end_hotspot, layout_cave_pods, slime_entry_2
Swamp:1:  nicolae_swamp_standing_stones, layout_basic_swamp,
          evilmike_swamp_ruin_house_5, swamp_pool2,
          nicolae_swamp_trees_clearing, infiniplex_staircase_pool_2
Swamp:2:  cheibrodos_swamp_heart_of_darkness, layout_basic_swamp,
          gammafunk_ghost_necromancy, nicolae_swamp_bean_lake, swamp_pool1
Swamp:3:  layout_basic_swamp, serial_swamp_ruin, evilmike_swamp_ruin_rubble_1,
          evilmike_swamp_ruin_house_3, evilmike_swamp_ruin_house_4
Swamp:4:  swamp_old_school, layout_basic_swamp
Snake:1:  layout_rooms, minmay_shop_grove, nicolae_triple_integral, uniq_rupert
Snake:2:  nicolae_snake_shooting_gallery, layout_gridlike,
          nicolae_snake_gridmaze_tees, lemuel_fruit_tree, uniq_frances,
          uniq_aizul, uniq_donald
Snake:3:  layout_cave_shapes, uniq_vashnia, uniq_roxanne
Orc:1:    cheibrodos_orc_bank, layout_diamond_mine, lemuel_statue_altar
Orc:2:    st_orc_open, layout_diamond_mine, nicolae_shop_firing_range

Skill      XL: |  1  2  3  4  5  6  7  8  9 10 11 12 13 14 15 16 17 18 |
---------------+-------------------------------------------------------+-----
Ranged Weapons | 4 5 7 8 10 11 13 14 15 17 18 20 | 20.0
Fighting       | 3 4 6 8 9 10 11 12 13 15 16 | 16.0
Dodging        | 2 3 4 5 6 8 9 10 12 | 12.6
Armour         | 3 4 5 7 8 9 |  9.0
Invocations    | 3 4 5 10 | 10.0
Stealth        | |  1.5

Action                     |  1- 3 |  4- 6 |  7- 9 | 10-12 | 13-15 | 16-18 || total
---------------------------+-------+-------+-------+-------+-------+-------++-------
   Fire: Shortbow          |    46 |    39 |       |       |       |       ||    85
         Orcbow            |       |    42 |   239 |   877 |   261 |       ||  1419
         Arbalest          |       |       |       |       |   922 |    49 ||   971
         Longbow           |       |       |       |       |       |  1126 ||  1126
 Invoke: Heroism           |       |       |     9 |    30 |    24 |    44 ||   107
         Finesse           |       |       |       |       |    10 |     2 ||    12
Ability: Spit Poison       |    20 |    26 |    58 |    67 |       |       ||   171
    Use: Scroll            |     1 |     5 |     6 |    12 |     3 |     6 ||    33
         Potion            |       |     3 |     1 |     5 |     1 |     3 ||    13
 Armour: Leather armour    |     3 |    11 |    88 |     9 |       |       ||   111
         Steam dragon scal |       |       |       |   135 |       |       ||   135
         Robe              |       |       |       |    55 |   199 |       ||   254
         Troll leather arm |       |       |       |       |    58 |   264 ||   322
  Dodge: Dodged            |    13 |    14 |   105 |   311 |   498 |   590 ||  1531
  Block: Other             |       |     6 |    48 |   116 |   149 |   144 ||   463
         Reflection        |       |       |     1 |     2 |     9 |     9 ||    21

Table legend:
 A = Non-vault XP
 B = Vault XP
 C = Vault XP percentage of total XP
 D = Non-vault monster count
 E = Vault monster count
 F = Vault count percentage of total count
                 A         B        C        D         E       F
            +---------+---------+-------+---------+---------+-------
      Total |  202647 |   81495 |  28.7 |     742 |     232 |  23.8
            +---------+---------+-------+---------+---------+-------
        D:1 |      47 |       0 |   0.0 |      26 |       0 |   0.0
        D:2 |     100 |      35 |  25.9 |      11 |       1 |   8.3
        D:3 |      53 |       0 |   0.0 |      15 |       0 |   0.0
        D:4 |     231 |     291 |  55.7 |      17 |       2 |  10.5
        D:5 |    1222 |     906 |  42.6 |      33 |       3 |   8.3
        D:6 |     975 |     995 |  50.5 |      16 |       4 |  20.0
        D:7 |    1520 |     502 |  24.8 |      33 |       3 |   8.3
        D:8 |    1653 |       0 |   0.0 |      32 |       0 |   0.0
        D:9 |    2464 |    1380 |  35.9 |      19 |       2 |   9.5
       D:10 |    2123 |    5657 |  72.7 |      15 |      23 |  60.5
       D:11 |    3375 |     775 |  18.7 |      16 |       1 |   5.9
       D:12 |    7101 |     500 |   6.6 |      18 |      32 |  64.0
       D:13 |    6445 |    2489 |  27.9 |      18 |       3 |  14.3
       D:14 |    6685 |     677 |   9.2 |      13 |       1 |   7.1
       D:15 |    6479 |    1729 |  21.1 |      12 |       2 |  14.3
     Lair:1 |    3987 |    2012 |  33.5 |      16 |      11 |  40.7
     Lair:2 |    3042 |    3809 |  55.6 |      14 |      13 |  48.1
     Lair:3 |   15494 |    1757 |  10.2 |      45 |       6 |  11.8
     Lair:4 |   11553 |       0 |   0.0 |      37 |       0 |   0.0
     Lair:5 |   18522 |    5601 |  23.2 |      54 |      22 |  28.9
    Swamp:1 |   12878 |    4838 |  27.3 |      27 |       6 |  18.2
    Swamp:2 |   15255 |    5093 |  25.0 |      27 |       8 |  22.9
    Swamp:3 |   11935 |       0 |   0.0 |      29 |       0 |   0.0
    Swamp:4 |    8263 |    6170 |  42.7 |      19 |      11 |  36.7
    Snake:1 |   13131 |    1816 |  12.1 |      29 |       1 |   3.3
    Snake:2 |   19048 |   11194 |  37.0 |      36 |      12 |  25.0
    Snake:3 |   17749 |    7389 |  29.4 |      35 |       6 |  14.6
      Orc:1 |    5315 |     964 |  15.4 |      41 |      19 |  31.7
      Orc:2 |    6002 |   14916 |  71.3 |      39 |      40 |  50.6
            +---------+---------+-------+---------+---------+-------
